Connexion

Checkers vs Marlies

Created - 29 septembre 2023 at 05:50

Goals
1 2 3 OT1 SO T
Checkers 5 1 1 0 1 7
Marlies 4 3 0 0 2 8
Shots
1 2 3 OT1 SO T
Checkers 16 15 18 1 3 50
Marlies 12 15 8 5 3 40

GoalsPenalties
1st period
1. Marlies , Cal O'Reilly 13 (Loui Eriksson 17, Max McCormick 15) at 1:36
2. Checkers , Miles Wood 7 (Troy Stecher 15, Riley Barber 15) at 2:39
3. Checkers , Reese Johnson 9 (Aidan Hreschuk 8) at 4:24
4. Marlies , Max McCormick 10 (Loui Eriksson 18, Cal O'Reilly 17) at 5:08
5. Checkers , Andy Andreoff 12 (Max Crozier 16) at 6:09 (PP)
6. Marlies , Cal O'Reilly 14 (Max McCormick 16, Loui Eriksson 19) at 8:33 (PP)
7. Checkers , Joshua Ho-Sang 12 (Troy Stecher 16, Max Crozier 17) at 10:21
8. Marlies , Tim Schaller 8 (Brad Malone 16) at 15:03
9. Checkers , Andy Andreoff 13 (Miles Wood 15, Riley Barber 16) at 19:03
Dylan Blujus (TOR) for Holding (Minor) at 5:47
Michael Vukojevic (CHA) for Roughing (Minor) at 8:07
Ethan Edwards (CHA) for Holding (Minor) at 10:28
2nd period
10. Marlies , Brad Malone 10 (Dominik Simon 8, Tim Schaller 13) at 1:20
11. Marlies , Max McCormick 11 (Loui Eriksson 20, Yegor Rykov 2) at 14:59
12. Marlies , Dylan Blujus 5 (Calvin De Haan 16, Dominik Simon 9) at 15:24
13. Checkers , Miles Wood 8 (Riley Barber 17, Troy Stecher 17) at 19:52
Max McCormick (TOR) for High sticking (Minor) at 1:22
Reese Johnson (CHA) for Hooking (Minor) at 17:14
3rd period
14. Checkers , Joshua Ho-Sang 13 (Troy Stecher 18, Brett Sutter 11) at 14:09 (PP)
Max McCormick (TOR) for Interference (Minor) at 11:40
Josh Wesley (TOR) for Hooking (Minor) at 13:45
Overtime #1
No Goal
Shootout
Checkers, Vinni Lettieri - Shot Misses the Net
Marlies, Brad Malone - Stopped by Jake Kielly
Checkers, Brett Sutter - Shot Misses the Net
Marlies, Dominik Simon - Goal!
Checkers, Joshua Ho-Sang - Goal!
Marlies, Cal O'Reilly - Goal!
Goalie Stats
Jake Kielly (CHA), 17 saves from 24 shots - (0,708), OTL, 12-9-1, 42:02 minutes
Evan Cowley (CHA), 16 saves from 16 shots - (1,000), 22:58 minutes
Erik Kallgren (TOR), 43 saves from 50 shots - (0,860), W, 3-1-0, 65:00 minutes
3 StarsOfficial
1 - Miles Wood (CHA)
2 - Max McCormick (TOR)
3 - Brad Malone (TOR)
Referees : Dan O'Halloran and Gord Dwyer
Linesman : Brian Murphy and Brad Kovachik
Game Note
Evan Cowley enters game at 15:24 of 2nd period
Evan Cowley is injured at 18:22 of 3rd period (Back Spasms)
Jake Kielly enters game at 18:22 of 3rd period
Finance
Level 1 -- Attendance: 2000 (100,00%) -- Ticket Income 30 000 $
Level 2 -- Attendance: 1000 (100,00%) -- Ticket Income 10 000 $
Total Attendance: 3000 (100,00%)
Total Ticket Income: 40 000 $
Other Income: 8 000 $
Total Income: 48 000 $



Team Name Goals Shots Shots Attemp Shots Blocked PIM HIT PP PK FO%
Checkers 75096136212 / 4 (50%)151%
Marlies 84085128231 / 3 (33%)249%

Checkers
Player Name POS G A P +/- PIM HIT SHT SB MP PP MP PP SHT PK MP PK SHT FO% FOT
Aarne TalvitieC000-100104:430:0000:1700% 7
Aidan HreschukD0110020013:090:0000:3000% 0
Andy AndreoffC/LW2022026122:132:1910:00064% 33
Brett SutterC/LW011-1001022:102:2512:44025% 4
Demetrios KoumontzisD0000002221:352:2402:1300% 0
Dylan PetersonC000000000:340:3400:0000% 0
Ethan EdwardsD0000211113:200:1100:0000% 0
Jackson BlakeRW000-1022012:400:0000:0000% 1
Joshua Ho-SangRW202-1014120:322:2521:37080% 5
Ludwig PerssonLW000-1000013:110:0000:0000% 0
Max CrozierD022-1012126:312:0901:5400% 0
Michael VukojevicD0000213321:062:2411:4500% 0
Miles WoodLW2132034021:262:1910:00060% 5
Petrus PalmuRW000-100304:260:0000:000100% 1
Reese JohnsonC101-1248114:000:0000:00055% 22
Riley BarberRW0332004121:122:1911:37050% 2
Troy StecherD044-1035129:172:2032:2600% 0
Vinni LettieriC000-2014128:281:5102:33142% 26
Marlies
Player Name POS G A P +/- PIM HIT SHT SB MP PP MP PP SHT PK MP PK SHT FO% FOT
Brad Malone C/LW1123032026:121:5802:25055% 29
Cal O'ReillyC2130004024:022:2612:15062% 34
Calvin De HaanD0110000126:052:2601:5200% 0
Dominik SimonC/LW/RW0221001126:281:5802:25067% 3
Dylan BlujusD1010243025:072:2611:4800% 0
Ian McCoshenD0002012121:401:5812:5200% 0
Josh WesleyD000-1210414:180:0000:0000% 0
Kristian VesalainenLW/RW0000012012:590:0001:2100% 2
Loui ErikssonLW/RW0440005021:472:2620:00050% 2
Mathias Brome LW000-200108:090:0000:0000% 0
Max McCormickC/LW2240455022:382:2610:000100% 1
Mitchell HeardC000-205309:020:0000:00019% 16
Skyler McKenzieLW000000101:150:0000:0400% 0
Tim McGauleyC000000003:280:0000:0000% 0
Tim SchallerC/LW/RW1123005017:361:5810:58033% 9
Tyler LewingtonD0002014323:251:5812:5200% 0
Victor EjdsellC0000001111:380:0000:00050% 10
Yegor RykovD011-1021114:230:0000:0400% 0



Play-by-Play

1st period


0:01 of 1st period - Tim Schaller wins face-off versus Vinni Lettieri in neutral zone.
0:06 of 1st period - Shot by Tim Schaller.
0:06 of 1st period - Deflect By Brad Malone .
0:06 of 1st period - Shot Misses the Net.
0:58 of 1st period - Off-side.
0:59 of 1st period - Cal O'Reilly wins face-off versus Andy Andreoff in neutral zone.
1:01 of 1st period - Off-side.
1:02 of 1st period - Andy Andreoff wins face-off versus Cal O'Reilly in neutral zone.
1:05 of 1st period - Shot by Miles Wood.
1:05 of 1st period - Shot Misses the Net.
1:36 of 1st period - Shot by Cal O'Reilly.
1:36 of 1st period - Goal by Cal O'Reilly - Checkers : 0 - Marlies : 1.
1:37 of 1st period - Reese Johnson wins face-off versus Victor Ejdsell in neutral zone.
2:00 of 1st period - Ludwig Persson is hit by Ian McCoshen and loses puck.
2:23 of 1st period - Shot by Max Crozier.
2:23 of 1st period - Shot Blocked by Victor Ejdsell.
2:25 of 1st period - Shot by Petrus Palmu.
2:25 of 1st period - Stopped by Erik Kallgren without a rebound.
2:26 of 1st period - Riley Barber wins face-off versus Mitchell Heard in Marlies zone.
2:34 of 1st period - Riley Barber is hit by Dylan Blujus and loses puck.
2:39 of 1st period - Shot by Miles Wood.
2:39 of 1st period - Goal by Miles Wood - Checkers : 1 - Marlies : 1.
2:40 of 1st period - Petrus Palmu wins face-off versus Cal O'Reilly in neutral zone.
3:01 of 1st period - Shot by Loui Eriksson.
3:01 of 1st period - Stopped by Jake Kielly without a rebound.
3:02 of 1st period - Mitchell Heard wins face-off versus Andy Andreoff in Checkers zone.
4:12 of 1st period - Shot by Victor Ejdsell.
4:12 of 1st period - Shot Blocked by Vinni Lettieri.
4:14 of 1st period - Shot by Tyler Lewington.
4:14 of 1st period - Deflect By Kristian Vesalainen.
4:14 of 1st period - Shot Blocked by Michael Vukojevic.
4:16 of 1st period - Shot by Kristian Vesalainen.
4:16 of 1st period - Stopped by Jake Kielly without a rebound.
4:17 of 1st period - Reese Johnson wins face-off versus Cal O'Reilly in Checkers zone.
4:24 of 1st period - Shot by Reese Johnson.
4:24 of 1st period - Goal by Reese Johnson - Checkers : 2 - Marlies : 1.
4:25 of 1st period - Cal O'Reilly wins face-off versus Vinni Lettieri in neutral zone.
4:46 of 1st period - Shot by Michael Vukojevic.
4:46 of 1st period - Deflect By Vinni Lettieri.
4:46 of 1st period - Stopped by Erik Kallgren without a rebound.
4:47 of 1st period - Reese Johnson wins face-off versus Brad Malone in Marlies zone.
4:47 of 1st period - Jackson Blake is hit by Dylan Blujus.
4:49 of 1st period - Shot by Reese Johnson.
4:49 of 1st period - Stopped by Erik Kallgren without a rebound.
4:50 of 1st period - Brad Malone wins face-off versus Reese Johnson in Marlies zone.
5:01 of 1st period - Shot by Brad Malone .
5:01 of 1st period - Stopped by Jake Kielly without a rebound.
5:02 of 1st period - Cal O'Reilly wins face-off versus Vinni Lettieri in Checkers zone.
5:08 of 1st period - Shot by Max McCormick.
5:08 of 1st period - Goal by Max McCormick - Checkers : 2 - Marlies : 2.
5:09 of 1st period - Vinni Lettieri wins face-off versus Tim Schaller in neutral zone.
5:38 of 1st period - Shot by Vinni Lettieri.
5:38 of 1st period - Shot Misses the Net.
5:45 of 1st period - Joshua Ho-Sang is hit by Dylan Blujus and loses puck.
5:47 of 1st period - Minor Penalty to Dylan Blujus for Holding.
5:48 of 1st period - Andy Andreoff wins face-off versus Brad Malone in Marlies zone.
5:59 of 1st period - Shot by Riley Barber.
5:59 of 1st period - Stopped by Erik Kallgren without a rebound.
6:00 of 1st period - Andy Andreoff wins face-off versus Brad Malone in Marlies zone.
6:03 of 1st period - Shot by Miles Wood.
6:03 of 1st period - Shot Misses the Net.
6:05 of 1st period - Shot by Miles Wood.
6:05 of 1st period - Stopped by Erik Kallgren without a rebound.
6:06 of 1st period - Andy Andreoff wins face-off versus Brad Malone in Marlies zone.
6:09 of 1st period - Shot by Andy Andreoff.
6:09 of 1st period - Goal by Andy Andreoff - Checkers : 3 - Marlies : 2.
6:10 of 1st period - Reese Johnson wins face-off versus Cal O'Reilly in neutral zone.
6:26 of 1st period - Icing by Loui Eriksson.
6:27 of 1st period - Cal O'Reilly wins face-off versus Vinni Lettieri in Marlies zone.
6:55 of 1st period - Shot by Max McCormick.
6:55 of 1st period - Shot Blocked by Max Crozier.
7:37 of 1st period - Shot by Andy Andreoff.
7:37 of 1st period - Stopped by Erik Kallgren with a rebound.
7:43 of 1st period - Shot by Miles Wood.
7:43 of 1st period - Shot Misses the Net.
8:02 of 1st period - Icing by Tyler Lewington.
8:03 of 1st period - Brad Malone wins face-off versus Reese Johnson in Marlies zone.
8:07 of 1st period - Minor Penalty to Michael Vukojevic for Roughing.
8:08 of 1st period - Vinni Lettieri wins face-off versus Cal O'Reilly in Checkers zone.
8:13 of 1st period - Shot by Max McCormick.
8:13 of 1st period - Shot Misses the Net.
8:21 of 1st period - Shot by Loui Eriksson.
8:21 of 1st period - Shot Misses the Net.
8:23 of 1st period - Shot by Cal O'Reilly.
8:23 of 1st period - Shot Misses the Net.
8:25 of 1st period - Shot by Cal O'Reilly.
8:25 of 1st period - Deflect By Max McCormick.
8:25 of 1st period - Stopped by Jake Kielly without a rebound.
8:26 of 1st period - Cal O'Reilly wins face-off versus Brett Sutter in Checkers zone.
8:29 of 1st period - Shot by Dylan Blujus.
8:29 of 1st period - Stopped by Jake Kielly with a rebound.
8:31 of 1st period - Shot by Loui Eriksson.
8:31 of 1st period - Deflect By Max McCormick.
8:31 of 1st period - Shot Misses the Net.
8:33 of 1st period - Shot by Cal O'Reilly.
8:33 of 1st period - Goal by Cal O'Reilly - Checkers : 3 - Marlies : 3.
8:34 of 1st period - Victor Ejdsell wins face-off versus Reese Johnson in neutral zone.
8:41 of 1st period - Shot by Victor Ejdsell.
8:41 of 1st period - Shot Blocked by Demetrios Koumontzis.
8:47 of 1st period - Shot by Jackson Blake.
8:47 of 1st period - Stopped by Erik Kallgren with a rebound.
8:49 of 1st period - Shot by Michael Vukojevic.
8:49 of 1st period - Shot Blocked by Josh Wesley.
8:56 of 1st period - Jackson Blake is hit by Josh Wesley.
10:21 of 1st period - Shot by Joshua Ho-Sang.
10:21 of 1st period - Goal by Joshua Ho-Sang - Checkers : 4 - Marlies : 3.
10:22 of 1st period - Mitchell Heard wins face-off versus Andy Andreoff in neutral zone.
10:28 of 1st period - Minor Penalty to Ethan Edwards for Holding.
10:29 of 1st period - Vinni Lettieri wins face-off versus Brad Malone in Checkers zone.
11:00 of 1st period - Shot by Ian McCoshen.
11:00 of 1st period - Shot Blocked by Riley Barber.
11:02 of 1st period - Shot by Tim Schaller.
11:02 of 1st period - Stopped by Jake Kielly with a rebound.
11:42 of 1st period - Icing by Calvin De Haan.
11:43 of 1st period - Joshua Ho-Sang wins face-off versus Cal O'Reilly in Marlies zone.
12:19 of 1st period - Icing by Tyler Lewington.
12:20 of 1st period - Joshua Ho-Sang wins face-off versus Brad Malone in Marlies zone.
12:33 of 1st period - Shot by Mitchell Heard.
12:33 of 1st period - Stopped by Jake Kielly without a rebound.
12:34 of 1st period - Andy Andreoff wins face-off versus Mitchell Heard in Checkers zone.
12:34 of 1st period - Andy Andreoff is hit by Mitchell Heard.
12:46 of 1st period - Shot by Andy Andreoff.
12:46 of 1st period - Shot Blocked by Dominik Simon.
13:09 of 1st period - Shot by Tyler Lewington.
13:09 of 1st period - Shot Misses the Net.
13:46 of 1st period - Shot by Vinni Lettieri.
13:46 of 1st period - Stopped by Erik Kallgren without a rebound.
13:47 of 1st period - Reese Johnson wins face-off versus Cal O'Reilly in Marlies zone.
13:50 of 1st period - Shot by Reese Johnson.
13:50 of 1st period - Stopped by Erik Kallgren without a rebound.
13:51 of 1st period - Cal O'Reilly wins face-off versus Vinni Lettieri in Marlies zone.
13:58 of 1st period - Shot by Max McCormick.
13:58 of 1st period - Stopped by Jake Kielly with a rebound.
14:08 of 1st period - Michael Vukojevic is hit by Max McCormick and loses puck.
14:59 of 1st period - Shot by Tim Schaller.
14:59 of 1st period - Shot Misses the Net.
15:01 of 1st period - Shot by Brad Malone .
15:01 of 1st period - Shot Misses the Net.
15:03 of 1st period - Shot by Tim Schaller.
15:03 of 1st period - Goal by Tim Schaller - Checkers : 4 - Marlies : 4.
15:04 of 1st period - Andy Andreoff wins face-off versus Brad Malone in neutral zone.
15:17 of 1st period - Shot by Andy Andreoff.
15:17 of 1st period - Shot Misses the Net.
16:02 of 1st period - Shot by Aarne Talvitie.
16:02 of 1st period - Shot Misses the Net.
16:24 of 1st period - Icing by Tim Schaller.
16:25 of 1st period - Brad Malone wins face-off versus Reese Johnson in Marlies zone.
16:59 of 1st period - Shot by Loui Eriksson.
16:59 of 1st period - Shot Misses the Net.
17:33 of 1st period - Shot by Miles Wood.
17:33 of 1st period - Stopped by Erik Kallgren without a rebound.
17:34 of 1st period - Vinni Lettieri wins face-off versus Mitchell Heard in Marlies zone.
18:47 of 1st period - Off-side.
18:48 of 1st period - Loui Eriksson wins face-off versus Andy Andreoff in neutral zone.
19:03 of 1st period - Shot by Andy Andreoff.
19:03 of 1st period - Goal by Andy Andreoff - Checkers : 5 - Marlies : 4.
19:04 of 1st period - Reese Johnson wins face-off versus Mitchell Heard in neutral zone.
19:09 of 1st period - Shot by Reese Johnson.
19:09 of 1st period - Stopped by Erik Kallgren without a rebound.
19:10 of 1st period - Cal O'Reilly wins face-off versus Andy Andreoff in Marlies zone.
19:19 of 1st period - Shot by Loui Eriksson.
19:19 of 1st period - Shot Misses the Net.
Goals for this period are 5 for Checkers vs 4 for Marlies.
Shots for this period are 16 for Checkers vs 12 for Marlies.

2nd period


0:01 of 2nd period - Vinni Lettieri wins face-off versus Tim Schaller in neutral zone.
0:14 of 2nd period - Shot by Vinni Lettieri.
0:14 of 2nd period - Shot Misses the Net.
0:22 of 2nd period - Shot by Joshua Ho-Sang.
0:22 of 2nd period - Shot Misses the Net.
0:24 of 2nd period - Shot by Vinni Lettieri.
0:24 of 2nd period - Shot Misses the Net.
0:26 of 2nd period - Shot by Troy Stecher.
0:26 of 2nd period - Stopped by Erik Kallgren without a rebound.
0:27 of 2nd period - Andy Andreoff wins face-off versus Cal O'Reilly in Marlies zone.
0:38 of 2nd period - Miles Wood is hit by Max McCormick and loses puck.
0:45 of 2nd period - Shot by Michael Vukojevic.
0:45 of 2nd period - Stopped by Erik Kallgren with a rebound.
0:47 of 2nd period - Shot by Demetrios Koumontzis.
0:47 of 2nd period - Stopped by Erik Kallgren without a rebound.
0:48 of 2nd period - Brad Malone wins face-off versus Aarne Talvitie in Marlies zone.
0:52 of 2nd period - Off-side.
0:53 of 2nd period - Brad Malone wins face-off versus Vinni Lettieri in neutral zone.
1:18 of 2nd period - Shot by Dominik Simon.
1:18 of 2nd period - Shot Blocked by Joshua Ho-Sang.
1:20 of 2nd period - Shot by Brad Malone .
1:20 of 2nd period - Goal by Brad Malone - Checkers : 5 - Marlies : 5.
1:21 of 2nd period - Andy Andreoff wins face-off versus Cal O'Reilly in neutral zone.
1:21 of 2nd period - Michael Vukojevic is hit by Max McCormick and loses puck.
1:22 of 2nd period - Minor Penalty to Max McCormick for High sticking.
1:23 of 2nd period - Miles Wood wins face-off versus Brad Malone in Marlies zone.
1:28 of 2nd period - Shot by Michael Vukojevic.
1:28 of 2nd period - Shot Misses the Net.
1:30 of 2nd period - Shot by Michael Vukojevic.
1:30 of 2nd period - Shot Hit the Post.
1:32 of 2nd period - Shot by Michael Vukojevic.
1:32 of 2nd period - Stopped by Erik Kallgren without a rebound.
1:33 of 2nd period - Brad Malone wins face-off versus Vinni Lettieri in Marlies zone.
1:44 of 2nd period - Shot by Brett Sutter.
1:44 of 2nd period - Shot Misses the Net.
1:56 of 2nd period - Shot by Troy Stecher.
1:56 of 2nd period - Shot Misses the Net.
2:55 of 2nd period - Shot by Demetrios Koumontzis.
2:55 of 2nd period - Shot Misses the Net.
3:27 of 2nd period - Shot by Max McCormick.
3:27 of 2nd period - Deflect By Loui Eriksson.
3:27 of 2nd period - Shot Misses the Net.
3:45 of 2nd period - Shot by Max McCormick.
3:45 of 2nd period - Shot Misses the Net.
4:22 of 2nd period - Shot by Petrus Palmu.
4:22 of 2nd period - Stopped by Erik Kallgren with a rebound.
4:28 of 2nd period - Shot by Vinni Lettieri.
4:28 of 2nd period - Shot Misses the Net.
4:30 of 2nd period - Shot by Aarne Talvitie.
4:30 of 2nd period - Stopped by Erik Kallgren without a rebound.
4:31 of 2nd period - Victor Ejdsell wins face-off versus Riley Barber in Marlies zone.
4:31 of 2nd period - Victor Ejdsell is hit by Andy Andreoff.
4:42 of 2nd period - Icing by Ian McCoshen.
4:43 of 2nd period - Brad Malone wins face-off versus Vinni Lettieri in Marlies zone.
4:56 of 2nd period - Shot by Kristian Vesalainen.
4:56 of 2nd period - Stopped by Jake Kielly without a rebound.
4:57 of 2nd period - Cal O'Reilly wins face-off versus Andy Andreoff in Checkers zone.
5:27 of 2nd period - Icing by Michael Vukojevic.
5:28 of 2nd period - Brad Malone wins face-off versus Andy Andreoff in Checkers zone.
5:39 of 2nd period - Tim Schaller is hit by Miles Wood and loses puck.
6:35 of 2nd period - Shot by Loui Eriksson.
6:35 of 2nd period - Shot Misses the Net.
6:37 of 2nd period - Shot by Loui Eriksson.
6:37 of 2nd period - Shot Misses the Net.
6:39 of 2nd period - Shot by Tyler Lewington.
6:39 of 2nd period - Stopped by Jake Kielly without a rebound.
6:40 of 2nd period - Reese Johnson wins face-off versus Brad Malone in Checkers zone.
6:40 of 2nd period - Ethan Edwards is hit by Brad Malone and loses puck.
6:47 of 2nd period - Shot by Reese Johnson.
6:47 of 2nd period - Shot Blocked by Yegor Rykov.
6:54 of 2nd period - Reese Johnson is hit by Yegor Rykov and loses puck.
7:13 of 2nd period - Shot by Jackson Blake.
7:13 of 2nd period - Stopped by Erik Kallgren with a rebound.
7:15 of 2nd period - Shot by Jackson Blake.
7:15 of 2nd period - Shot Misses the Net.
7:17 of 2nd period - Shot by Reese Johnson.
7:17 of 2nd period - Shot Misses the Net.
7:34 of 2nd period - Icing by Demetrios Koumontzis.
7:35 of 2nd period - Andy Andreoff wins face-off versus Mitchell Heard in Checkers zone.
7:35 of 2nd period - Andy Andreoff is hit by Mitchell Heard.
7:41 of 2nd period - Shot by Demetrios Koumontzis.
7:41 of 2nd period - Stopped by Erik Kallgren without a rebound.
7:42 of 2nd period - Cal O'Reilly wins face-off versus Aarne Talvitie in Marlies zone.
7:53 of 2nd period - Shot by Aarne Talvitie.
7:53 of 2nd period - Shot Misses the Net.
9:24 of 2nd period - Mathias Brome is hit by Ethan Edwards and loses puck.
9:41 of 2nd period - Shot by Ludwig Persson.
9:41 of 2nd period - Shot Misses the Net.
9:43 of 2nd period - Shot by Reese Johnson.
9:43 of 2nd period - Stopped by Erik Kallgren without a rebound.
9:44 of 2nd period - Victor Ejdsell wins face-off versus Vinni Lettieri in Marlies zone.
9:44 of 2nd period - Victor Ejdsell is hit by Joshua Ho-Sang.
10:51 of 2nd period - Cal O'Reilly is hit by Jackson Blake and loses puck.
11:05 of 2nd period - Jackson Blake is hit by Dylan Blujus and loses puck.
11:26 of 2nd period - Icing by Michael Vukojevic.
11:27 of 2nd period - Andy Andreoff wins face-off versus Mitchell Heard in Checkers zone.
11:36 of 2nd period - Shot by Mitchell Heard.
11:36 of 2nd period - Stopped by Jake Kielly without a rebound.
11:37 of 2nd period - Brad Malone wins face-off versus Aarne Talvitie in Checkers zone.
11:38 of 2nd period - Shot by Tim Schaller.
11:38 of 2nd period - Deflect By Dominik Simon.
11:38 of 2nd period - Stopped by Jake Kielly without a rebound.
11:39 of 2nd period - Brad Malone wins face-off versus Andy Andreoff in Checkers zone.
11:42 of 2nd period - Shot by Ian McCoshen.
11:42 of 2nd period - Shot Blocked by Demetrios Koumontzis.
12:08 of 2nd period - Riley Barber is hit by Brad Malone and loses puck.
12:31 of 2nd period - Max Crozier is hit by Brad Malone and loses puck.
13:05 of 2nd period - Cal O'Reilly is hit by Troy Stecher and loses puck.
13:46 of 2nd period - Shot by Kristian Vesalainen.
13:46 of 2nd period - Shot Blocked by Ethan Edwards.
14:13 of 2nd period - Shot by Riley Barber.
14:13 of 2nd period - Stopped by Erik Kallgren without a rebound.
14:14 of 2nd period - Andy Andreoff wins face-off versus Mitchell Heard in Marlies zone.
14:15 of 2nd period - Shot by Demetrios Koumontzis.
14:15 of 2nd period - Shot Misses the Net.
14:45 of 2nd period - Shot by Riley Barber.
14:45 of 2nd period - Deflect By Andy Andreoff.
14:45 of 2nd period - Stopped by Erik Kallgren without a rebound.
14:46 of 2nd period - Cal O'Reilly wins face-off versus Aarne Talvitie in Marlies zone.
14:57 of 2nd period - Shot by Loui Eriksson.
14:57 of 2nd period - Shot Misses the Net.
14:59 of 2nd period - Shot by Max McCormick.
14:59 of 2nd period - Goal by Max McCormick - Checkers : 5 - Marlies : 6.
15:00 of 2nd period - Brad Malone wins face-off versus Reese Johnson in neutral zone.
15:17 of 2nd period - Brad Malone is hit by Aidan Hreschuk and loses puck.
15:20 of 2nd period - Shot by Dominik Simon.
15:20 of 2nd period - Shot Blocked by Reese Johnson.
15:24 of 2nd period - Shot by Dylan Blujus.
15:24 of 2nd period - Goal by Dylan Blujus - Checkers : 5 - Marlies : 7.
15:24 of 2nd period - Evan Cowley enters game.
15:25 of 2nd period - Cal O'Reilly wins face-off versus Vinni Lettieri in neutral zone.
15:32 of 2nd period - Max McCormick is hit by Max Crozier.
15:52 of 2nd period - Shot by Max McCormick.
15:52 of 2nd period - Stopped by Evan Cowley without a rebound.
15:53 of 2nd period - Andy Andreoff wins face-off versus Victor Ejdsell in Checkers zone.
15:59 of 2nd period - Andy Andreoff is hit by Yegor Rykov and loses puck.
16:28 of 2nd period - Shot by Victor Ejdsell.
16:28 of 2nd period - Shot Blocked by Michael Vukojevic.
16:30 of 2nd period - Shot by Yegor Rykov.
16:30 of 2nd period - Stopped by Evan Cowley with a rebound.
16:32 of 2nd period - Shot by Victor Ejdsell.
16:32 of 2nd period - Stopped by Evan Cowley without a rebound.
16:33 of 2nd period - Cal O'Reilly wins face-off versus Brett Sutter in Checkers zone.
16:40 of 2nd period - Shot by Max McCormick.
16:40 of 2nd period - Shot Misses the Net.
17:10 of 2nd period - Shot by Max Crozier.
17:10 of 2nd period - Stopped by Erik Kallgren with a rebound.
17:12 of 2nd period - Shot by Troy Stecher.
17:12 of 2nd period - Stopped by Erik Kallgren without a rebound.
17:13 of 2nd period - Brad Malone wins face-off versus Reese Johnson in Marlies zone.
17:13 of 2nd period - Brad Malone is hit by Reese Johnson.
17:14 of 2nd period - Minor Penalty to Reese Johnson for Hooking.
17:15 of 2nd period - Vinni Lettieri wins face-off versus Brad Malone in Checkers zone.
17:46 of 2nd period - Shot by Vinni Lettieri.
17:46 of 2nd period - Stopped by Erik Kallgren without a rebound.
17:47 of 2nd period - Max McCormick wins face-off versus Joshua Ho-Sang in Marlies zone.
17:54 of 2nd period - Shot by Loui Eriksson.
17:54 of 2nd period - Stopped by Evan Cowley without a rebound.
17:55 of 2nd period - Cal O'Reilly wins face-off versus Vinni Lettieri in Checkers zone.
18:07 of 2nd period - Cal O'Reilly is hit by Troy Stecher and loses puck.
18:10 of 2nd period - Shot by Loui Eriksson.
18:10 of 2nd period - Stopped by Evan Cowley with a rebound.
18:12 of 2nd period - Shot by Dylan Blujus.
18:12 of 2nd period - Shot Misses the Net.
18:14 of 2nd period - Shot by Calvin De Haan.
18:14 of 2nd period - Shot Misses the Net.
18:26 of 2nd period - Shot by Max McCormick.
18:26 of 2nd period - Shot Misses the Net.
18:28 of 2nd period - Shot by Max McCormick.
18:28 of 2nd period - Shot Misses the Net.
18:30 of 2nd period - Shot by Calvin De Haan.
18:30 of 2nd period - Shot Blocked by Michael Vukojevic.
18:58 of 2nd period - Shot by Tyler Lewington.
18:58 of 2nd period - Stopped by Evan Cowley with a rebound.
19:00 of 2nd period - Shot by Brad Malone .
19:00 of 2nd period - Shot Misses the Net.
19:02 of 2nd period - Shot by Tim Schaller.
19:02 of 2nd period - Shot Misses the Net.
19:04 of 2nd period - Shot by Tyler Lewington.
19:04 of 2nd period - Shot Misses the Net.
19:06 of 2nd period - Shot by Ian McCoshen.
19:06 of 2nd period - Stopped by Evan Cowley without a rebound.
19:07 of 2nd period - Brett Sutter wins face-off versus Brad Malone in Checkers zone.
19:24 of 2nd period - Icing by Aidan Hreschuk.
19:25 of 2nd period - Reese Johnson wins face-off versus Mitchell Heard in Checkers zone.
19:32 of 2nd period - Icing by Mathias Brome .
19:33 of 2nd period - Mitchell Heard wins face-off versus Andy Andreoff in Marlies zone.
19:44 of 2nd period - Shot by Mathias Brome .
19:44 of 2nd period - Stopped by Evan Cowley with a rebound.
19:50 of 2nd period - Shot by Miles Wood.
19:50 of 2nd period - Shot Blocked by Josh Wesley.
19:52 of 2nd period - Shot by Miles Wood.
19:52 of 2nd period - Goal by Miles Wood - Checkers : 6 - Marlies : 7.
19:53 of 2nd period - Vinni Lettieri wins face-off versus Victor Ejdsell in neutral zone.
Goals for this period are 1 for Checkers vs 3 for Marlies.
Shots for this period are 15 for Checkers vs 15 for Marlies.

3rd period


0:01 of 3rd period - Brad Malone wins face-off versus Vinni Lettieri in neutral zone.
0:31 of 3rd period - Icing by Max Crozier.
0:32 of 3rd period - Cal O'Reilly wins face-off versus Vinni Lettieri in Checkers zone.
0:40 of 3rd period - Shot by Loui Eriksson.
0:40 of 3rd period - Shot Misses the Net.
1:02 of 3rd period - Vinni Lettieri is hit by Tyler Lewington and loses puck.
1:57 of 3rd period - Shot by Riley Barber.
1:57 of 3rd period - Stopped by Erik Kallgren without a rebound.
1:58 of 3rd period - Reese Johnson wins face-off versus Victor Ejdsell in Marlies zone.
2:12 of 3rd period - Shot by Reese Johnson.
2:12 of 3rd period - Shot Blocked by Josh Wesley.
2:44 of 3rd period - Shot by Miles Wood.
2:44 of 3rd period - Shot Misses the Net.
2:54 of 3rd period - Shot by Miles Wood.
2:54 of 3rd period - Deflect By Andy Andreoff.
2:54 of 3rd period - Shot Misses the Net.
3:35 of 3rd period - Shot by Petrus Palmu.
3:35 of 3rd period - Stopped by Erik Kallgren without a rebound.
3:36 of 3rd period - Reese Johnson wins face-off versus Mitchell Heard in Marlies zone.
4:35 of 3rd period - Icing by Max McCormick.
4:36 of 3rd period - Vinni Lettieri wins face-off versus Cal O'Reilly in Marlies zone.
5:03 of 3rd period - Shot by Joshua Ho-Sang.
5:03 of 3rd period - Shot Misses the Net.
5:34 of 3rd period - Off-side.
5:35 of 3rd period - Andy Andreoff wins face-off versus Mitchell Heard in neutral zone.
6:20 of 3rd period - Miles Wood is hit by Kristian Vesalainen and loses puck.
6:54 of 3rd period - Shot by Reese Johnson.
6:54 of 3rd period - Shot Blocked by Ian McCoshen.
6:56 of 3rd period - Shot by Ethan Edwards.
6:56 of 3rd period - Stopped by Erik Kallgren without a rebound.
6:57 of 3rd period - Cal O'Reilly wins face-off versus Aarne Talvitie in Marlies zone.
7:04 of 3rd period - Dylan Blujus is hit by Vinni Lettieri.
7:08 of 3rd period - Shot by Vinni Lettieri.
7:08 of 3rd period - Stopped by Erik Kallgren without a rebound.
7:09 of 3rd period - Cal O'Reilly wins face-off versus Jackson Blake in Marlies zone.
7:09 of 3rd period - Max McCormick is hit by Reese Johnson and loses puck.
7:20 of 3rd period - Jackson Blake is hit by Max McCormick and loses puck.
7:29 of 3rd period - Dylan Blujus is hit by Reese Johnson and loses puck.
7:38 of 3rd period - Shot by Reese Johnson.
7:38 of 3rd period - Stopped by Erik Kallgren without a rebound.
7:39 of 3rd period - Vinni Lettieri wins face-off versus Mitchell Heard in Marlies zone.
8:08 of 3rd period - Shot by Mitchell Heard.
8:08 of 3rd period - Stopped by Evan Cowley without a rebound.
8:09 of 3rd period - Victor Ejdsell wins face-off versus Reese Johnson in Checkers zone.
8:31 of 3rd period - Shot by Reese Johnson.
8:31 of 3rd period - Stopped by Erik Kallgren without a rebound.
8:32 of 3rd period - Andy Andreoff wins face-off versus Cal O'Reilly in Marlies zone.
8:36 of 3rd period - Icing by Dylan Blujus.
8:37 of 3rd period - Joshua Ho-Sang wins face-off versus Loui Eriksson in Marlies zone.
8:46 of 3rd period - Shot by Joshua Ho-Sang.
8:46 of 3rd period - Stopped by Erik Kallgren without a rebound.
8:47 of 3rd period - Dominik Simon wins face-off versus Miles Wood in Marlies zone.
8:47 of 3rd period - Dominik Simon is hit by Miles Wood.
9:20 of 3rd period - Tim Schaller is hit by Andy Andreoff and loses puck.
9:37 of 3rd period - Shot by Brett Sutter.
9:37 of 3rd period - Shot Misses the Net.
9:39 of 3rd period - Shot by Vinni Lettieri.
9:39 of 3rd period - Shot Blocked by Tyler Lewington.
9:41 of 3rd period - Shot by Vinni Lettieri.
9:41 of 3rd period - Shot Misses the Net.
9:43 of 3rd period - Shot by Max Crozier.
9:43 of 3rd period - Stopped by Erik Kallgren without a rebound.
9:44 of 3rd period - Cal O'Reilly wins face-off versus Reese Johnson in Marlies zone.
9:44 of 3rd period - Cal O'Reilly is hit by Jackson Blake.
9:52 of 3rd period - Shot by Loui Eriksson.
9:52 of 3rd period - Stopped by Evan Cowley with a rebound.
9:54 of 3rd period - Shot by Loui Eriksson.
9:54 of 3rd period - Stopped by Evan Cowley without a rebound.
9:55 of 3rd period - Cal O'Reilly wins face-off versus Brett Sutter in Checkers zone.
9:56 of 3rd period - Shot by Loui Eriksson.
9:56 of 3rd period - Shot Hit the Post.
9:58 of 3rd period - Shot by Cal O'Reilly.
9:58 of 3rd period - Stopped by Evan Cowley without a rebound.
9:59 of 3rd period - Cal O'Reilly wins face-off versus Vinni Lettieri in Checkers zone.
10:07 of 3rd period - Icing by Max Crozier.
10:08 of 3rd period - Vinni Lettieri wins face-off versus Cal O'Reilly in Checkers zone.
10:08 of 3rd period - Vinni Lettieri is hit by Max McCormick.
10:28 of 3rd period - Off-side.
10:29 of 3rd period - Brad Malone wins face-off versus Andy Andreoff in neutral zone.
10:36 of 3rd period - Shot by Tim Schaller.
10:36 of 3rd period - Stopped by Evan Cowley without a rebound.
10:37 of 3rd period - Brad Malone wins face-off versus Aarne Talvitie in Checkers zone.
10:46 of 3rd period - Shot by Tim Schaller.
10:46 of 3rd period - Shot Misses the Net.
11:02 of 3rd period - Shot by Aarne Talvitie.
11:02 of 3rd period - Shot Misses the Net.
11:04 of 3rd period - Shot by Aarne Talvitie.
11:04 of 3rd period - Shot Misses the Net.
11:40 of 3rd period - Minor Penalty to Max McCormick for Interference.
11:41 of 3rd period - Vinni Lettieri wins face-off versus Kristian Vesalainen in Marlies zone.
13:18 of 3rd period - Shot by Joshua Ho-Sang.
13:18 of 3rd period - Shot Misses the Net.
13:20 of 3rd period - Shot by Michael Vukojevic.
13:20 of 3rd period - Shot Misses the Net.
13:22 of 3rd period - Shot by Joshua Ho-Sang.
13:22 of 3rd period - Deflect By Brett Sutter.
13:22 of 3rd period - Stopped by Erik Kallgren with a rebound.
13:40 of 3rd period - Shot by Andy Andreoff.
13:40 of 3rd period - Stopped by Erik Kallgren with a rebound.
13:42 of 3rd period - Shot by Aidan Hreschuk.
13:42 of 3rd period - Shot Misses the Net.
13:44 of 3rd period - Shot by Reese Johnson.
13:44 of 3rd period - Stopped by Erik Kallgren without a rebound.
13:45 of 3rd period - Reese Johnson wins face-off versus Victor Ejdsell in Marlies zone.
13:45 of 3rd period - Minor Penalty to Josh Wesley for Hooking.
13:46 of 3rd period - Andy Andreoff wins face-off versus Brad Malone in Marlies zone.
13:53 of 3rd period - Shot by Troy Stecher.
13:53 of 3rd period - Stopped by Erik Kallgren without a rebound.
13:54 of 3rd period - Joshua Ho-Sang wins face-off versus Brad Malone in Marlies zone.
14:01 of 3rd period - Shot by Troy Stecher.
14:01 of 3rd period - Stopped by Erik Kallgren with a rebound.
14:03 of 3rd period - Shot by Troy Stecher.
14:03 of 3rd period - Shot Blocked by Calvin De Haan.
14:05 of 3rd period - Shot by Troy Stecher.
14:05 of 3rd period - Stopped by Erik Kallgren with a rebound.
14:07 of 3rd period - Shot by Joshua Ho-Sang.
14:07 of 3rd period - Stopped by Erik Kallgren with a rebound.
14:09 of 3rd period - Shot by Joshua Ho-Sang.
14:09 of 3rd period - Goal by Joshua Ho-Sang - Checkers : 7 - Marlies : 7.
14:10 of 3rd period - Cal O'Reilly wins face-off versus Reese Johnson in neutral zone.
14:19 of 3rd period - Shot by Max McCormick.
14:19 of 3rd period - Shot Misses the Net.
14:44 of 3rd period - Shot by Reese Johnson.
14:44 of 3rd period - Shot Blocked by Josh Wesley.
14:46 of 3rd period - Shot by Ludwig Persson.
14:46 of 3rd period - Shot Misses the Net.
14:58 of 3rd period - Loui Eriksson is hit by Miles Wood and loses puck.
15:12 of 3rd period - Cal O'Reilly is hit by Michael Vukojevic and loses puck.
15:27 of 3rd period - Shot by Riley Barber.
15:27 of 3rd period - Stopped by Erik Kallgren without a rebound.
15:28 of 3rd period - Brad Malone wins face-off versus Vinni Lettieri in Marlies zone.
16:02 of 3rd period - Shot by Brett Sutter.
16:02 of 3rd period - Deflect By Joshua Ho-Sang.
16:02 of 3rd period - Shot Misses the Net.
16:04 of 3rd period - Shot by Troy Stecher.
16:04 of 3rd period - Shot Misses the Net.
16:46 of 3rd period - Shot by Ian McCoshen.
16:46 of 3rd period - Shot Misses the Net.
16:48 of 3rd period - Shot by Ian McCoshen.
16:48 of 3rd period - Stopped by Evan Cowley without a rebound.
16:49 of 3rd period - Andy Andreoff wins face-off versus Mitchell Heard in Checkers zone.
16:51 of 3rd period - Riley Barber is hit by Mitchell Heard and loses puck.
17:00 of 3rd period - Shot by Mathias Brome .
17:00 of 3rd period - Shot Misses the Net.
17:11 of 3rd period - Riley Barber is hit by Mitchell Heard and loses puck.
17:18 of 3rd period - Andy Andreoff is hit by Mitchell Heard and loses puck.
17:48 of 3rd period - Off-side.
17:49 of 3rd period - Reese Johnson wins face-off versus Cal O'Reilly in neutral zone.
17:54 of 3rd period - Yegor Rykov is hit by Reese Johnson and loses puck.
18:10 of 3rd period - Loui Eriksson is hit by Aidan Hreschuk and loses puck.
18:13 of 3rd period - Shot by Max McCormick.
18:13 of 3rd period - Deflect By Cal O'Reilly.
18:13 of 3rd period - Stopped by Evan Cowley without a rebound.
18:14 of 3rd period - Victor Ejdsell wins face-off versus Aarne Talvitie in Checkers zone.
18:14 of 3rd period - Victor Ejdsell is hit by Troy Stecher.
18:16 of 3rd period - Shot by Brad Malone .
18:16 of 3rd period - Shot Misses the Net.
18:18 of 3rd period - Shot by Calvin De Haan.
18:18 of 3rd period - Shot Blocked by Troy Stecher.
18:22 of 3rd period - Shot by Dylan Blujus.
18:22 of 3rd period - Stopped by Evan Cowley without a rebound.
18:22 of 3rd period - Evan Cowley from Checkers is injured at 18:22 of 3rd period (Back Spasms).
18:22 of 3rd period - Jake Kielly enters game.
18:23 of 3rd period - Andy Andreoff wins face-off versus Kristian Vesalainen in Checkers zone.
18:28 of 3rd period - Shot by Michael Vukojevic.
18:28 of 3rd period - Stopped by Erik Kallgren with a rebound.
19:56 of 3rd period - Icing by Loui Eriksson.
19:57 of 3rd period - Cal O'Reilly wins face-off versus Reese Johnson in Marlies zone.
Goals for this period are 1 for Checkers vs 0 for Marlies.
Shots for this period are 18 for Checkers vs 8 for Marlies.

Overtime #1


0:01 of 1st overtime period - Andy Andreoff wins face-off versus Tim Schaller in neutral zone.
0:20 of 1st overtime period - Shot by Andy Andreoff.
0:20 of 1st overtime period - Stopped by Erik Kallgren without a rebound.
0:21 of 1st overtime period - Andy Andreoff wins face-off versus Tim Schaller in Marlies zone.
0:22 of 1st overtime period - Shot by Troy Stecher.
0:22 of 1st overtime period - Shot Blocked by Tyler Lewington.
0:27 of 1st overtime period - Off-side.
0:28 of 1st overtime period - Andy Andreoff wins face-off versus Tim Schaller in neutral zone.
0:34 of 1st overtime period - Off-side.
0:35 of 1st overtime period - Tim Schaller wins face-off versus Andy Andreoff in neutral zone.
0:44 of 1st overtime period - Shot by Tyler Lewington.
0:44 of 1st overtime period - Stopped by Jake Kielly with a rebound.
0:46 of 1st overtime period - Shot by Tyler Lewington.
0:46 of 1st overtime period - Deflect By Tim Schaller.
0:46 of 1st overtime period - Stopped by Jake Kielly with a rebound.
0:48 of 1st overtime period - Shot by Tyler Lewington.
0:48 of 1st overtime period - Shot Blocked by Andy Andreoff.
1:26 of 1st overtime period - Shot by Skyler McKenzie.
1:26 of 1st overtime period - Shot Misses the Net.
1:28 of 1st overtime period - Shot by Ian McCoshen.
1:28 of 1st overtime period - Shot Misses the Net.
1:30 of 1st overtime period - Shot by Skyler McKenzie.
1:30 of 1st overtime period - Stopped by Jake Kielly without a rebound.
1:31 of 1st overtime period - Miles Wood wins face-off versus Tim Schaller in Checkers zone.
1:38 of 1st overtime period - Shot by Tim Schaller.
1:38 of 1st overtime period - Stopped by Jake Kielly without a rebound.
1:39 of 1st overtime period - Tim Schaller wins face-off versus Andy Andreoff in Checkers zone.
2:01 of 1st overtime period - Shot by Vinni Lettieri.
2:01 of 1st overtime period - Shot Misses the Net.
3:26 of 1st overtime period - Icing by Mitchell Heard.
3:27 of 1st overtime period - Andy Andreoff wins face-off versus Mitchell Heard in Marlies zone.
4:18 of 1st overtime period - Shot by Tyler Lewington.
4:18 of 1st overtime period - Stopped by Jake Kielly without a rebound.
4:19 of 1st overtime period - Miles Wood wins face-off versus Dominik Simon in Checkers zone.
4:26 of 1st overtime period - Shot by Reese Johnson.
4:26 of 1st overtime period - Shot Blocked by Tyler Lewington.
4:29 of 1st overtime period - Icing by Tyler Lewington.
4:30 of 1st overtime period - Dominik Simon wins face-off versus Miles Wood in Marlies zone.
Goals for this period are 0 for Checkers vs 0 for Marlies.
Shots for this period are 1 for Checkers vs 5 for Marlies.

ShootOut


5:00 of 1st overtime period - Round #1.
5:00 of 1st overtime period - Checkers, Vinni Lettieri.
5:00 of 1st overtime period - Shot Misses the Net.
5:00 of 1st overtime period - Marlies, Brad Malone .
5:00 of 1st overtime period - Stopped by Jake Kielly.
5:00 of 1st overtime period - Round #2.
5:00 of 1st overtime period - Checkers, Brett Sutter.
5:00 of 1st overtime period - Shot Misses the Net.
5:00 of 1st overtime period - Marlies, Dominik Simon.
5:00 of 1st overtime period - Goal by Dominik Simon.
5:00 of 1st overtime period - Round #3.
5:00 of 1st overtime period - Checkers, Joshua Ho-Sang.
5:00 of 1st overtime period - Goal by Joshua Ho-Sang.
5:00 of 1st overtime period - Marlies, Cal O'Reilly.
5:00 of 1st overtime period - Goal by Cal O'Reilly.